 Dungeon Crawl Stone Soup version 0.18-a0-801-gb01a236 (webtiles) character file.

98 JokEr the Skirmisher (level 4, 0/33 HPs)
             Began as an Octopode Fighter on Dec 14, 2015.
             Killed from afar by Natasha (8 damage)
             ... with a wand of magic darts
             ... on level 2 of the Dungeon.
             The game lasted 00:04:05 (1714 turns).

JokEr the Skirmisher (Octopode Fighter)             Turns: 1714, Time: 00:04:05

Health: 0/33       AC:  1    Str: 16    XL:     4   Next: 69%
Magic:  4/4        EV: 10    Int: 10    God:
Gold:   72         SH:  8    Dex: 11    Spells: 0 memorised, 3 levels left

rFire  . . .     SeeInvis .     a - +0 war axe
rCold  . . .     Clarity  .     b - +0 shield
rNeg   . . .     SustAt   .     (helmet restricted)
rPois  .         Gourm    .     (no amulet)
rElec  .         Spirit   .     (no ring)
rCorr  .         Dismiss  .     (no ring)
rMut   .         Stasis   .     (no ring)
MR     .....                    (no ring)
Stlth  +++.......               (no ring)
                                (no ring)
                                (no ring)
                                (no ring)

@: not resistant to hostile enchantments, fairly stealthy
A: almost no armour, amphibious, 8 rings, constrict 8, camouflage 1, gelatinous
body 1
a: no special abilities


You were on level 2 of the Dungeon.
You were not hungry.

You visited 1 branch of the dungeon, and saw 2 of its levels.

You collected 72 gold pieces.

Inventory:

Hand Weapons
 a - a +0 war axe (weapon)
Armour
 b - a +0 shield (worn)
Wands
 j - a wand of random effects (30)
Scrolls
 g - a scroll of identify
 h - a scroll of teleportation
 l - 2 scrolls of recharging {unknown}
Potions
 c - a potion of might
 e - a potion of curing {unknown}
 m - a potion of cancellation {unknown}
 n - a potion of haste {unknown}
Comestibles
 d - 2 bread rations
 f - a royal jelly
 i - 3 fruits


   Skills:
 + Level 3.8 Fighting
 + Level 3.2 Axes
 - Level 3.0 Dodging
 + Level 3.2 Stealth
 - Level 3.0 Shields


You had 3 spell levels left.
You didn't know any spells.

Dungeon Overview and Level Annotations

Branches:
Dungeon (2/15)

Altars:
Ashenzari

Annotations:
D:2 Natasha


Innate Abilities, Weirdness & Mutations

You cannot wear most types of armour.
You are amphibious.
You can wear up to eight rings at the same time.
You can use your tentacles to constrict eight enemies at once.
Your skin changes colour to match your surroundings (Stealth).
Your rubbery body absorbs attacks (AC +1).


Message History

You closely miss Natasha. You grab Natasha.
You constrict Natasha, but do no damage.
Natasha claws you!
You hit Natasha.
Natasha is moderately wounded.
You constrict Natasha, but do no damage.
Natasha zaps a wand.
The magic dart hits you!
* * * LOW HITPOINT WARNING * * *
It is a wand of magic darts.
You hit Natasha.
Natasha is severely wounded.
You constrict Natasha.
You kill Natasha!
Natasha screams in pain as she dies!
You start resting.
Natasha, Servant of Life and Death comes into view.
Natasha howls an incantation.
You feel disoriented.
Natasha zaps a wand.
The magic dart hits you!
You die...

#.#........###.#####.#######.#
#.#........# #.# #.# #.#
#.########## #.# #.# #.# #'##
#.# ##'##### #.# ...#
######'####..[...# #.# ...#
#................# #.#
...######................# #.#
...'....'.............h..###'###
...######...%...@..#.##.[......#
...........###'#####.##).......#
#########..###.# #.##........#
####### #...##.# #.##........#
......# #.#.##.# #.##........#
#####.# #.#.##.#####.##........#
#.# #.#....................# #.#
#.##.#######.##........# #.#
#.##)......#.##........#


You could see Natasha.

Vanquished Creatures
  Natasha (twice) (D:2)
  3 adders (D:2)
  5 bats
  3 giant cockroaches (D:2)
  5 hobgoblins
  A quokka (D:2)
  4 giant newts
  A goblin (D:1)
  4 jackals (D:2)
  3 kobolds (D:1)
  7 rats
38 creatures vanquished.

Notes
Turn   | Place    | Note
--------------------------------------------------------------
     0 | D:1      | JokEr the Octopode Fighter began the quest for the Orb.
     0 | D:1      | Reached XP level 1. HP: 16/16 MP: 1/1
   294 | D:1      | Reached XP level 2. HP: 21/21 MP: 2/2
   395 | D:1      | Reached skill level 1 in Stealth
   839 | D:2      | Found a shattered altar of Ashenzari.
   913 | D:2      | Reached XP level 3. HP: 18/26 MP: 3/3
  1263 | D:2      | Noticed Natasha
  1268 | D:2      | Killed Natasha
  1268 | D:2      | Reached XP level 4. HP: 32/32 MP: 4/4
  1694 | D:2      | Noticed Natasha
  1709 | D:2      | Killed Natasha
  1713 | D:2      | Noticed Natasha
  1714 | D:2      | Killed from afar by Natasha

Vault maps used:
D:1:      tarquinn_simple_flora_water_c, serial_park_tiny_pond
D:2:      ashenzari_altar_1, uniq_natasha

Action                   |  1- 3 |  4- 6 || total
-------------------------+-------+-------++-------
Melee: War axe           |    55 |    25 ||    80
  Use: Scroll            |     2 |       ||     2
 Stab: Sleeping          |     3 |     3 ||     6
  Eat: Chunk             |       |     3 ||     3
